 Dungeon Crawl Stone Soup version 0.30-a0-557-ge2afbf3030 (webtiles) character file.

Game seed: 14073550960482613954

53 Newt the Shooter (level 4, 0/25 (26) HPs)
             Began as a Kobold Hunter on Dec 27, 2022.
             Slain by Crazy Yiuf
             ... wielding a +4 quarterstaff of chaos
              (3 damage)
             ... on level 2 of the Dungeon.
             The game lasted 00:01:19 (1447 turns).

Newt the Shooter (Kobold Hunter)                    Turns: 1447, Time: 00:01:20

HP:   0/25 (26)     AC:  4    Str:  8    XL:     4   Next: 10%
MP:   0/4           EV: 14    Int: 10    God:
Gold: 165           SH:  0    Dex: 20    Spells: 3/3 levels left

rFire   . . .      SeeInvis .    a - +0 shortbow
rCold   . . .      Faith    .    (shield currently unavailable)
rNeg    . . .      Spirit   .    c - +0 leather armour
rPois   .          Reflect  .    (no helmet)
rElec   .          Harm     .    (no cloak)
rCorr   .          Rampage  .    (no gloves)
Will    .....                    e - +0 pair of boots
Stlth   +++                      (no amulet)
HPRegen 0.24/turn                (no ring)
MPRegen 0.09/turn                (no ring)

@: brilliant, lightly drained
A: small, no large weapons, nightstalker 3
a: no special abilities


You were on level 2 of the Dungeon.
You visited 1 branch of the dungeon, and saw 2 of its levels.

You collected 165 gold pieces.

Inventory:

Hand Weapons
 a - a +0 shortbow (weapon)
Armour
 c - a +0 leather armour (worn)
 e - a +0 pair of boots (worn)
 m - a +2 robe of the Archmagi
Jewellery
 l - a ring of willpower
 n - a ring of see invisible
Scrolls
 b - a scroll of immolation
 h - a scroll of identify {unknown}
 i - a scroll of vulnerability {unknown}
 j - a scroll of noise {unknown}
 k - a scroll of fear {unknown}
Potions
 o - a potion of flight {unknown}


   Skills:
 - Level 2.1 Fighting
 + Level 7.1 Ranged Weapons
 - Level 2.4 Dodging
 - Level 1.3 Stealth


You had 3 spell levels left.
You didn't know any spells.
Your spell library contained the following spells:

 Spells                   Type           Power      Damage    Failure   Level
 Blink                    Tloc           0%         N/A       63%         2
 Momentum Strike          Conj/Tloc      0%         3d8       63%         2
 Lesser Beckoning         Tloc           0%         N/A       86%         3


Dungeon Overview and Level Annotations

Branches:
Dungeon (2/15)

Altars:

Annotations:
D:2 Crazy Yiuf


Innate Abilities, Weirdness & Mutations

You are small and have problems with some larger weapons.
You are completely attuned to the shadows.


Message History

You shoot an arrow. The arrow hits Crazy Yiuf!
Crazy Yiuf is heavily wounded.
You shoot an arrow. The arrow closely misses Crazy Yiuf.
Crazy Yiuf hits you with a +4 quarterstaff of chaos!
You shoot an arrow.
The arrow hits Crazy Yiuf but does no damage.
Crazy Yiuf is heavily wounded.
Crazy Yiuf hits you with a +4 quarterstaff of chaos!
* * * LOW HITPOINT WARNING * * *
You are lethally poisoned!
You are too injured to fight recklessly!
It was a potion of heal wounds.
You feel much better.
You feel very sick. Crazy Yiuf barely misses you.
Fire: a) +0 shortbow
Press: ? - help, Q - select action Shift-Dir - straight line, f/p - Crazy Yiuf
Aim: Crazy Yiuf, wielding a +4 quarterstaff of chaos and wearing a +1 cloak of poison resistance (heavily wounded, 69% to hit)
You shoot an arrow. The arrow hits Crazy Yiuf.
Crazy Yiuf is heavily wounded.
You feel very sick. Crazy Yiuf closely misses you.
Crazy Yiuf screams, "Citrus sizzlefizz sallow!"
Crazy Yiuf hits you with a +4 quarterstaff of chaos!
* * * LOW HITPOINT WARNING * * *
You are more poisoned.
You feel much better.
You feel very sick.
Crazy Yiuf drinks a potion.
Crazy Yiuf is healed!
It was a potion of brilliance.
You feel clever all of a sudden.
You feel very sick.
Crazy Yiuf hits you with a +4 quarterstaff of chaos!
Ouch! That really hurt!
* * * LOW HITPOINT WARNING * * *
You feel your power leaking away.
You feel better.
Crazy Yiuf hits you with a +4 quarterstaff of chaos!
* * * LOW HITPOINT WARNING * * *
You feel drained.
You die...

.#...................##.......#
........#..############.......#
.>.........# ##.......#
..#.##..#..# #........#
...........# #)..# #........#
..#.##..#### #...# #........#
........# ... #........#
.....#..#### #g# #........#
#....#.....# ♣@♣♣ #........#
#....#...### ♣♣.♣ #.#########
.....#...### ♣.♣♣ #.# #...#
###..###...# ♣♣.♣ #.#####.#.#
#........# ♣♣.♣♣ #.........#
###........# ♣♣PP.♣ #)#####.###
...........# ♣PP..♣ #.#.....#
#.##..#....# #....# #.#.#####
..........<#
#....###.#.########


You could see Crazy Yiuf.

Vanquished Creatures
  Natasha (D:2)
  3 endoplasms
  2 giant cockroaches (D:1)
  2 hobgoblins (D:2)
  4 jackals (D:2)
  2 kobolds (D:1)
  A quokka (D:1)
  5 ball pythons
  2 bats (D:1)
  A frilled lizard (D:1)
  3 rats (D:1)
26 creatures vanquished.

Notes
Turn   | Place    | Note
-------+----------+-------------------------------------------
     0 | D:1      | Newt the Kobold Hunter began the quest for the Orb.
     0 | D:1      | Reached XP level 1. HP: 12/12 MP: 1/1
   130 | D:1      | You fall into a shaft and drop 1 floor!
   192 | D:2      | Reached XP level 2. HP: 17/17 MP: 2/2
   276 | D:1      | Reached skill level 6 in Ranged Weapons
   686 | D:1      | Reached XP level 3. HP: 21/21 MP: 3/3
  1119 | D:2      | Noticed Natasha
  1121 | D:2      | Killed Natasha
  1122 | D:2      | Reached skill level 7 in Ranged Weapons
  1122 | D:2      | Reached XP level 4. HP: 26/26 MP: 4/4
  1356 | D:2      | Found a runed translucent door.
  1359 | D:2      | Noticed Crazy Yiuf
  1446 | D:2      | HP: 1/26 [Crazy Yiuf/+4 quarterstaff of chaos (13)]
  1447 | D:2      | Slain by Crazy Yiuf

Illustrated notes

Levels and vault maps discovered:
D:1:      enne_arrival_octagon_isle, layout_basic
D:2:      layout_basic, chequers_serial_rivers_micro_e, uniq_natasha,
          uniq_crazy_yiuf_cottage

Skill      XL: |  1  2  3 |
---------------+----------+-----
Ranged Weapons | 6 7 |  7.1
Fighting       | |  2.1
Dodging        | |  2.4
Stealth        | |  1.3

Action                   |  1- 3 |  4- 6 || total
-------------------------+-------+-------++-------
 Fire: Shortbow          |    53 |     4 ||    57
  Use: Scroll            |     1 |       ||     1
       Potion            |       |     4 ||     4
Armor: Leather armour    |     6 |       ||     6
Dodge: Dodged            |    24 |     2 ||    26

Table legend: (Time is in decaauts)
 A = Elapsed time spent in this place.
 B = Non-inter-level travel time spent in this place.
 C = Inter-level travel time spent in this place.
 D = Time resting spent in this place.
 E = Time spent auto-exploring this place.
 F = Levels seen in this place.
 G = Mean time per level.
                   A        B        C        D        E       F      G
               +--------+--------+--------+--------+--------+-----+--------+
         Total |   1460 |   1397 |     63 |      0 |   1243 |   2 |  730.0 |
       Dungeon |   1460 |   1397 |     63 |      0 |   1243 |   2 |  730.0 |
               +--------+--------+--------+--------+--------+-----+--------+

Top non-repeatable levels by time:
     D:1: 732 daAuts
     D:2: 727 daAuts
